 Dungeon Crawl Stone Soup version 0.25-a0-110-ge29c8f2358 (webtiles) character file.

Game seed: 8461135824553420552, levelgen mode: deterministic

340 MisterFreud the Slasher (level 6, -1/39 HPs)
             Began as an Octopode Gladiator on Nov 19, 2019.
             Slain by an orc
             ... wielding a +0 dagger
              (3 damage)
             ... on level 3 of the Dungeon.
             The game lasted 00:02:52 (1965 turns).

MisterFreud the Slasher (Octopode Gladiator)        Turns: 1965, Time: 00:02:52

Health: -1/39      AC:  1    Str: 14    XL:     6   Next: 56%
Magic:  6/6        EV: 15    Int: 12    God:
Gold:   106        SH:  0    Dex: 13    Spells: 5/5 levels left

rFire    + . .     SeeInvis .   a - +0 long sword
rCold    . . .     Gourm    .   (no shield)
rNeg     . . .     Faith    .   b - +0 hat
rPois    .         Spirit   .   (no amulet)
rElec    .         Reflect  .   q - ring of protection from fire
rCorr    .         Harm     .   (no ring)
MR       .....                  (no ring)
Stlth    ++........             (no ring)
HPRegen  0.13/turn              (no ring)
MPRegen  0.10/turn              (no ring)
                                (no ring)
                                (no ring)

@: no status effects
A: almost no armour, stealthy swim, amphibious, 8 rings, constrict 8, camouflage
1, gelatinous body 1
a: no special abilities


You were on level 3 of the Dungeon.
You were hungry.

You visited 1 branch of the dungeon, and saw 3 of its levels.

You collected 106 gold pieces.

Inventory:

Hand Weapons
 a - a +0 long sword (weapon)
Missiles
 c - 3 throwing nets (quivered)
 h - 32 arrows
 i - 128 stones
 m - 13 bolts
 t - 4 boomerangs
 v - 17 sling bullets
Armour
 b - a +0 hat (worn)
Jewellery
 q - a ring of protection from fire (left tentacle)
Scrolls
 e - 2 scrolls of teleportation {unknown}
 l - 3 scrolls of identify {unknown}
 w - a scroll of fear {unknown}
 x - a scroll of random uselessness {unknown}
Potions
 f - a potion of curing {unknown}
 g - 2 potions of flight {unknown}
 j - a potion of lignification
 k - a potion of ambrosia {unknown}
 n - a potion of brilliance
 o - 2 potions of degeneration {unknown}
 p - a potion of mutation {unknown}
 s - a potion of magic {unknown}
 u - a potion of heal wounds
Comestibles
 d - 5 rations
 r - 13 chunks of flesh


   Skills:
 - Level 2.0 Fighting
 - Level 6.0 Long Blades
 - Level 2.0 Throwing
 + Level 4.9 Dodging


You had 5 spell levels left.
You didn't know any spells.
Your spell library was empty.

Dungeon Overview and Level Annotations

Branches:
Dungeon (3/15)

Altars:
Ru


Innate Abilities, Weirdness & Mutations

You cannot wear most types of armour.
You are very stealthy in the water. (Stealth+)
You are amphibious.
You can wear up to eight rings at the same time.
You can use your tentacles to constrict eight enemies at once.
Your skin changes colour to match your surroundings (Stealth+).
Your rubbery body absorbs attacks. (AC +1, EV +1)


Message History

You kill the orc priest!
You closely miss the orc. You grab the orc. You squeeze the orc.
You kill the orc!
You completely miss the orc. You grab the orc. You constrict the orc.
The orc completely misses you.
You hit the orc. You squeeze the orc.
You kill the orc!
You hit the goblin. You grab the goblin. You squeeze the goblin.
You kill the goblin!
You are feeling hungry.
The orc throws a boomerang.
The boomerang hits you.
* * * LOW HITPOINT WARNING * * *
The weapon returns to the orc!
The orc hits you with a +0 dagger.
* * * LOW HITPOINT WARNING * * *
Items here: ))))) †† You hit the orc.
Your grab misses the orc.
The orc is moderately wounded.
The orc hits you with a +0 dagger.
You die...

..###.###........#####..
#..#..# ########.......#
##...## ###...### .#
.....### #...###
.###...# ##.### #
###.####..# . #.......#
... ###...).######.....
...............@o......
##################.....
... .


You could see an orc.

Vanquished Creatures
  An ogre (D:3)
  An orc priest (D:3)
  Terence (D:2)
  An orc wizard (D:2)
  11 adders
  A worm (D:3)
  4 dart slugs
  A leopard gecko (D:2)
  11 orcs
  A giant cockroach (D:1)
  6 goblins
  5 hobgoblins
  4 kobolds (D:1)
  2 quokkas (D:2)
  A ball python (D:3)
  9 bats
  3 frilled lizards
  10 rats
73 creatures vanquished.

Notes
Turn   | Place    | Note
-------+----------+-------------------------------------------
     0 | D:1      | MisterFreud the Octopode Gladiator began the quest for the
                  | Orb.
     0 | D:1      | Reached XP level 1. HP: 14/14 MP: 1/1
    69 | D:1      | Reached XP level 2. HP: 12/19 MP: 2/2
   333 | D:1      | Reached skill level 4 in Long Blades
   514 | D:1      | Reached XP level 3. HP: 24/24 MP: 3/3
   805 | D:2      | Found a sacrificial altar of Ru.
   805 | D:2      | Noticed Terence
   809 | D:2      | Killed Terence
   809 | D:2      | Reached skill level 5 in Long Blades
   809 | D:2      | Reached XP level 4. HP: 29/29 MP: 4/4
   971 | D:2      | Reached XP level 5. HP: 18/34 MP: 5/5
   977 | D:2      | HP: 1/34 [orc/+0 hand axe (7)]
  1398 | D:2      | Reached skill level 6 in Long Blades
  1909 | D:3      | Reached XP level 6. HP: 36/39 MP: 6/6
  1965 | D:3      | Slain by an orc

Levels and vault maps discovered:
D:1:      minmay_arrival_four_houses, layout_loops_cross, minmay_misc_feat_alley
D:2:      layout_loops_corners, hangedman_ru_absence, uniq_terence
D:3:      layout_rooms, uniq_sigmund

Skill      XL: |  1  2  3  4  5  6 |
---------------+-------------------+-----
Long Blades    | 4 5 6 |  6.0
Dodging        | 4 |  4.9
Fighting       | |  2.0
Throwing       | |  2.0

Action                   |  1- 3 |  4- 6 || total
-------------------------+-------+-------++-------
Melee: Long sword        |    40 |    87 ||   127
       Tentacles         |    11 |    16 ||    27
       Constrict         |    16 |    25 ||    41
  Use: Potion            |       |     3 ||     3
 Stab: Sleeping          |     7 |     5 ||    12
  Eat: Chunk             |       |     3 ||     3
Armor: Skin              |     4 |    13 ||    17
Dodge: Dodged            |    21 |    51 ||    72
       Rpst.: Long sword |    10 |    14 ||    24

Table legend:
 A = Non-vault XP
 B = Vault XP
 C = Vault XP percentage of total XP
 D = Non-vault monster count
 E = Vault monster count
 F = Vault count percentage of total count
                 A         B        C        D         E       F
            +---------+---------+-------+---------+---------+-------
      Total |     450 |      36 |   7.4 |      72 |       1 |   1.4
            +---------+---------+-------+---------+---------+-------
        D:1 |      34 |       0 |   0.0 |      23 |       0 |   0.0
        D:2 |     200 |      36 |  15.3 |      31 |       1 |   3.1
        D:3 |     216 |       0 |   0.0 |      18 |       0 |   0.0
            +---------+---------+-------+---------+---------+-------
